 Dungeon Crawl Stone Soup version 0.26-a0-611-g354ed81 (webtiles) character file.

Game seed: 11388690147625703527

848 B1Gdaddy5 the Distorting Demonspawn (level 7, -7/56 HPs)
             Began as a Demonspawn Abyssal Knight on Sept 6, 2020.
             Was a Believer of Lugonu.
             Mangled by an ogre
             ... wielding a cursed -2 giant club
              (17 damage)
             ... on level 4 of the Dungeon.
             The game lasted 00:45:29 (4517 turns).

B1Gdaddy5 the Distorting Demonspawn (DsAK)          Turns: 4517, Time: 00:45:30

Health: -7/56      AC: 18    Str: 14    XL:     7   Next: 69%
Magic:  0/12       EV:  0    Int: 14    God:    Lugonu [**....]
Gold:   202        SH:  0    Dex: 12    Spells: 6/6 levels left

rFire    . . .     SeeInvis .   l - +0 whip
rCold    . . .     Faith    .   (no shield)
rNeg     . . .     Spirit   +   g - +0 crystal plate armour
rPois    .         Reflect  .   r - +0 helmet
rElec    .         Harm     .   i - scarf {repulsion}
rCorr    .                      (no gloves)
MR       .....                  (no boots)
Stlth    ..........             (no amulet)
HPRegen  0.18/turn              (no ring)
MPRegen  0.13/turn              (no ring)

@: repel missiles
A: hooves 1, yellow scales 1, spiny 2, magic shield
a: Depart the Abyss, Bend Space, Renounce Religion


You were on level 4 of the Dungeon.
You worshipped Lugonu.
Lugonu was pleased with you.
You visited 1 branch of the dungeon, and saw 4 of its levels.
You visited the Abyss 1 time.

You collected 202 gold pieces.

Inventory:

Hand Weapons
 a - a +1 mace
 l - a +0 whip (weapon)
Armour
 b - a +0 leather armour
 g - a +0 crystal plate armour (worn)
 i - a scarf of repulsion (worn)
 r - a +0 helmet (worn)
Scrolls
 d - 4 scrolls of teleportation {unknown}
 e - a scroll of amnesia {unknown}
 f - 5 scrolls of remove curse
 j - 2 scrolls of enchant weapon {unknown}
 p - 4 scrolls of identify {unknown}
 q - 2 scrolls of random uselessness {unknown}
 s - a scroll of noise {unknown}
 t - a scroll of magic mapping {unknown}
 v - a scroll of fear {unknown}
 w - a scroll of enchant armour {unknown}
Potions
 c - 2 potions of haste {unknown}
 h - 2 potions of curing {unknown}
 k - a potion of lignification {unknown}
 m - a potion of degeneration {unknown}
 n - a potion of ambrosia {unknown}
 o - a potion of brilliance {unknown}
 u - a potion of stabbing {unknown}


   Skills:
 + Level 5.4 Fighting
 - Level 5.1 Maces & Flails
 - Level 2.0 Armour
 - Level 0.9 Dodging
 * Level 6.9 Invocations


You had 6 spell levels left.
You didn't know any spells.
Your spell library was empty.

Dungeon Overview and Level Annotations

Branches:
Dungeon (4/15)
 Temple: D:4-7

Altars:
Sif Muna
Yredelemnul


Innate Abilities, Weirdness & Mutations

You have large cloven feet.
You are partially covered in yellow scales. (AC +2)
You are mostly covered in sharp spines.
When hurt, damage is shared between your health and your magic reserves.


Message History

The ogre is struck by your spines.
The ogre hits you with a cursed -2 giant club.
The ogre hits you with a cursed -2 giant club.
Your crystal plate armour prevents you from hitting the ogre.
Your kick misses the ogre.
The ogre is lightly wounded.
The ogre is struck by your spines.
The ogre hits you with a cursed -2 giant club!
You hit the ogre. Your kick misses the ogre.
The ogre is moderately wounded.
The ogre is struck by your spines.
The ogre hits you with a cursed -2 giant club!
You hit the ogre. Your kick misses the ogre.
The ogre is heavily wounded.
The ogre hits you with a cursed -2 giant club!
* * * LOW HITPOINT WARNING * * *
Space bends around you!
You blink.
Space bends around you!
You blink.
The ogre hits you with a cursed -2 giant club!!
You die...

##......# #......####....
#.......## ##............#
##........#####(..##..#....
#..........##....###..#....
...........#.....# ##.#....
...........#†...## #.......
..###............# #....#..
# ##....O....#### #...##..
#......@...# #.... ##.
##.....#............ #.
##....##..#....#.# #.
###....####.###. .. #...##
## ... ##.## ###


You could see an ogre.

Vanquished Creatures
  A phantom (D:3)
  2 big kobolds (D:3)
  2 hounds
  2 orc wizards (D:3)
  6 adders (D:2)
  10 gnolls
  A worm (D:2)
  3 dart slugs
  5 leopard geckos
  2 orcs (D:3)
  7 bats
  2 giant cockroaches
  27 hobgoblins
  A jackal (D:3)
  11 kobolds
  A quokka (D:4)
  2 ball pythons
  6 frilled lizards
  34 goblins
  8 rats
133 creatures vanquished.

Notes
Turn   | Place    | Note
-------+----------+-------------------------------------------
     0 | Abyss:1  | B1Gdaddy5 the Demonspawn Abyssal Knight began the quest for
                  | the Orb.
     0 | Abyss:1  | Reached XP level 1. HP: 18/18 MP: 2/2
    12 | D:1      | Escaped the Abyss
   530 | D:1      | Gained mutation: You are partially covered in sharp spines.
                  | [demonic ancestry]
   530 | D:1      | Reached XP level 2. HP: 23/24 MP: 3/3
  1372 | D:2      | Gained mutation: When hurt, damage is shared between your
                  | health and your magic reserves. [demonic ancestry]
  1372 | D:2      | Reached XP level 3. HP: 28/30 MP: 4/4
  1380 | D:2      | Reached ** piety under Lugonu
  1423 | D:2      | Gained mutation: You are partially covered in yellow
                  | scales. (AC +2) [demonic ancestry]
  1423 | D:2      | Reached XP level 4. HP: 31/37 MP: 5/5
  1576 | D:2      | Found a basalt altar of Yredelemnul.
  1778 | D:2      | Reached XP level 5. HP: 40/42 MP: 7/7
  1911 | D:2      | Reached skill level 3 in Invocations
  2493 | D:3      | Noticed a phantom
  2788 | D:3      | Killed a phantom
  2788 | D:3      | Gained mutation: You are mostly covered in sharp spines.
                  | [demonic ancestry]
  2788 | D:3      | Reached XP level 6. HP: 32/48 MP: 5/8
  2958 | D:3      | Reached skill level 5 in Maces & Flails
  3201 | D:3      | Found a shimmering blue altar of Sif Muna.
  3402 | D:3      | Reached *** piety under Lugonu
  3775 | D:3      | Noticed an ice beast
  3778 | D:3      | Banished an ice beast
  3778 | D:3      | Reached skill level 4 in Invocations
  3840 | D:3      | Gained mutation: You have large cloven feet. [demonic
                  | ancestry]
  3840 | D:3      | Reached XP level 7. HP: 55/55 MP: 10/10
  3868 | D:3      | Reached skill level 5 in Fighting
  3944 | D:3      | Reached skill level 5 in Invocations
  4096 | D:3      | Reached skill level 6 in Invocations
  4517 | D:4      | Mangled by an ogre

Illustrated notes

Levels and vault maps discovered:
D:1:      wheals_arrival_linesprint, layout_basic, chequers_arboretum,
          minmay_liquid_box
D:2:      layout_rooms, lemuel_crystal_altar
D:3:      minmay_goblin_kobold_castle, layout_loops_cross, lemuel_crystal_altar,
          st_stairs_10
D:4:      layout_cave_pools

Skill      XL: |  1  2  3  4  5  6  7 |
---------------+----------------------+-----
Maces & Flails | 2 3 4 5 |  5.1
Armour         | 2 |  2.0
Fighting       | 4 5 |  5.4
Invocations    | 3 4 6 |  6.9
Dodging        | |  0.9

Action                   |  1- 3 |  4- 6 |  7- 9 || total
-------------------------+-------+-------+-------++-------
Melee: Mace              |    81 |    22 |       ||   103
       Whip              |       |   183 |    53 ||   236
       Kick              |       |       |    11 ||    11
Invok: Bend Space        |       |     1 |     2 ||     3
       Banish            |       |     2 |     9 ||    11
  Use: Scroll            |     1 |       |       ||     1
Armor: Leather armour    |    16 |       |       ||    16
       Crystal plate arm |    35 |   194 |    61 ||   290
Dodge: Dodged            |    37 |     7 |     2 ||    46

Table legend: (Time is in decaauts)
 A = Elapsed time spent in this place.
 B = Non-inter-level travel time spent in this place.
 C = Inter-level travel time spent in this place.
 D = Time resting spent in this place.
 E = Time spent auto-exploring this place.
 F = Levels seen in this place.
 G = Mean time per level.
                   A        B        C        D        E       F      G
               +--------+--------+--------+--------+--------+-----+--------+
         Total |   4523 |   4523 |      0 |   1258 |   1795 |   5 |  904.6 |
       Dungeon |   4511 |   4511 |      0 |   1258 |   1795 |   4 | 1127.8 |
         Abyss |     12 |     12 |      0 |      0 |      0 |   1 |   12.0 |
               +--------+--------+--------+--------+--------+-----+--------+

Top non-repeatable levels by time:
     D:3: 1955 daAuts
     D:1: 1372 daAuts
     D:2: 1033 daAuts
     D:4: 149 daAuts
 Abyss:1: 12 daAuts
